 Dungeon Crawl Stone Soup version 0.28-a0-1143-gcf6077d4cc (webtiles) character file.

Game seed: 9773638572159155432

29 leviel the Skirmisher (level 3, -2/33 HPs)
             Began as a Hill Orc Fighter on Dec 13, 2021.
             Slain by Terence (4 damage)
             ... on level 2 of the Dungeon.
             The game lasted 00:01:02 (1576 turns).

leviel the Skirmisher (Hill Orc Fighter)            Turns: 1576, Time: 00:01:02

Health: -2/33      AC:  6    Str: 20    XL:     3   Next: 16%
Magic:  3/3        EV:  9    Int:  8    God:
Gold:   43         SH:  4    Dex: 10    Spells: 2/2 levels left

rFire   . . .      SeeInvis .   a - +0 war axe
rCold   . . .      Faith    .   c - +0 buckler
rNeg    . . .      Spirit   .   b - +0 scale mail
rPois   .          Reflect  .   (no helmet)
rElec   .          Harm     .   (no cloak)
rCorr   .          Rampage  .   (no gloves)
Will    .....                   (no boots)
Stlth   ..........              (no amulet)
HPRegen 0.11/turn               (no ring)
MPRegen 0.08/turn               (no ring)

@: mighty
A: no striking features
a: no special abilities


You were on level 2 of the Dungeon.
You visited 1 branch of the dungeon, and saw 2 of its levels.

You collected 43 gold pieces.

Inventory:

Hand Weapons
 a - a +0 war axe (weapon)
Armour
 b - a +0 scale mail (worn)
 c - a +0 buckler (worn)
Scrolls
 e - a scroll of blinking {unknown}
 g - a scroll of enchant armour {unknown}
 i - 2 scrolls of teleportation {unknown}
 j - a scroll of enchant weapon {unknown}
 k - a scroll of identify {unknown}
Potions
 f - a potion of heal wounds {unknown}
 h - a potion of curing {unknown}


   Skills:
 + Level 4.0 Fighting
 + Level 3.3 Axes
 + Level 3.6 Armour
 + Level 3.6 Shields


You had 2 spell levels left.
You didn't know any spells.
Your spell library contained the following spells:

 Spells                   Type           Power      Damage    Failure   Level
 Gell's Gravitas          Tloc           0%         N/A       98%         3
 Inner Flame              Hex/Fire       0%         N/A       98%         3
 Lesser Beckoning         Tloc           0%         N/A       98%         3
 Teleport Other           Tloc           0%         N/A       98%         3
 Cause Fear               Hex            0%         N/A       100%        4
 Discord                  Hex            0%         N/A       100%        8


Dungeon Overview and Level Annotations

Branches:
Dungeon (2/15)

Altars:

Annotations:
D:2 Terence


Message History

Terence is nearby!
You closely miss Terence. Terence hits you but does no damage.
Terence hits you with a +1 short sword of flaming.
Terence burns you.
You are too injured to fight recklessly!
You are too injured to fight recklessly!
You are too injured to fight recklessly!
You are too injured to fight recklessly!
You are too injured to fight recklessly!
You are too injured to fight recklessly!
You are too injured to fight recklessly!
You are too injured to fight recklessly!
You are too injured to fight recklessly!
You are too injured to fight recklessly!
You are too injured to fight recklessly!
You are too injured to fight recklessly!
You are too injured to fight recklessly!
You are too injured to fight recklessly!
You are too injured to fight recklessly!
You are too injured to fight recklessly!
You feel very mighty all of a sudden.
Terence hits you with a +1 short sword of flaming!
Terence burns you.
You closely miss Terence.
Terence hits you with a +1 short sword of flaming.
Terence burns you.
You closely miss Terence.
Terence hits you with a +1 short sword of flaming.
* * * LOW HITPOINT WARNING * * *
Terence burns you.
* * * LOW HITPOINT WARNING * * *
You slash Terence!
Terence is moderately wounded.
Terence hits you with a +1 short sword of flaming.
* * * LOW HITPOINT WARNING * * *
Terence burns you.
* * * LOW HITPOINT WARNING * * *
Terence says, "How do you enjoy it?"
Terence hits you with a +1 short sword of flaming.
You die...

### #. #...#.. ..# ##.
....#.#.. #.# .
...##<....#.. #.#
..##.#......#. #.# ###
........#..#.> #<# #..
...........#.# #.#####.#
##.......#.# #.....#.#
#.$....@##.#########.#.#
#..#..#.@.........##.#.#
# #..#....######.##.#.#
.....##### #.#..#.#
.####. #.#.##.# # #.#
#####.#.##.# ###
#^....#.##.#
#.#####.##.# #.# #.##..


You could see Terence.

Vanquished Creatures
  An adder (D:2)
  A dart slug (D:2)
  2 ball pythons (D:2)
  3 endoplasms
  A giant cockroach (D:1)
  2 goblins
  A hobgoblin (D:2)
  A kobold (D:1)
  A quokka (D:2)
  A bat (D:2)
  3 rats
17 creatures vanquished.

Notes
Turn   | Place    | Note
-------+----------+-------------------------------------------
     0 | D:1      | leviel the Hill Orc Fighter began the quest for the Orb.
     0 | D:1      | Reached XP level 1. HP: 19/19 MP: 1/1
   748 | D:1      | Reached XP level 2. HP: 24/27 MP: 2/2
  1205 | D:2      | Found a faded altar of an unknown god.
  1547 | D:2      | Reached skill level 4 in Fighting
  1547 | D:2      | Reached XP level 3. HP: 31/33 MP: 3/3
  1563 | D:2      | Noticed Terence
  1576 | D:2      | Slain by Terence

Illustrated notes

Levels and vault maps discovered:
D:1:      matt_arrival_debris, layout_loops_corners
D:2:      layout_basic, ebering_ecumenical_altar_sacrificial, uniq_terence

Skill      XL: |  1  2 |
---------------+-------+-----
Axes           | 3 |  3.3
Fighting       | 4 |  4.0
Armour         | |  3.6
Shields        | |  3.6

Action                   || total
-------------------------++-------
Melee: War axe           ||    56
  Use: Potion            ||     1
Armor: Scale mail        ||    19
Dodge: Dodged            ||    27
Block: Buckler           ||    12

Table legend: (Time is in decaauts)
 A = Elapsed time spent in this place.
 B = Non-inter-level travel time spent in this place.
 C = Inter-level travel time spent in this place.
 D = Time resting spent in this place.
 E = Time spent auto-exploring this place.
 F = Levels seen in this place.
 G = Mean time per level.
                   A        B        C        D        E       F      G
               +--------+--------+--------+--------+--------+-----+--------+
         Total |   1595 |   1568 |     27 |      0 |   1406 |   2 |  797.5 |
       Dungeon |   1595 |   1568 |     27 |      0 |   1406 |   2 |  797.5 |
               +--------+--------+--------+--------+--------+-----+--------+

Top non-repeatable levels by time:
     D:1: 1008 daAuts
     D:2: 587 daAuts
